 Dungeon Crawl Stone Soup version 0.25.1-2-g60ff931df9 (webtiles) character file.

Game seed: 8658983064814770629

8785 DogServant the Quickloader (level 11, 28/81 HPs)
             Began as a Barachi Hunter on Oct 16, 2020.
             Was a High Priest of Okawaru.
             Quit the game on level 12 of the Dungeon.
             The game lasted 00:30:55 (15597 turns).

DogServant the Quickloader (Barachi Hunter)        Turns: 15597, Time: 00:30:56

Health: 28/81      AC:  7    Str: 17    XL:     11   Next: 36%
Magic:  25/25      EV: 14    Int: 12    God:    Okawaru [*****.]
Gold:   472        SH:  0    Dex: 12    Spells: 10/10 levels left

rFire    + . .     SeeInvis .   i - +0 shortbow
rCold    . . .     Gourm    .   (shield currently unavailable)
rNeg     . . .     Faith    .   n - +0 troll leather armour
rPois    .         Spirit   .   (no helmet)
rElec    .         Reflect  .   (no cloak)
rCorr    .         Harm     .   C - +0 pair of gloves "Leobree" {Slay+3} (curse)
MR       .....                  l - +0 pair of boots
Stlth    +.........             (no amulet)
HPRegen  0.63/turn              b - ring of magical power
MPRegen  0.19/turn              o - ring of protection from fire

@: drained, slow
A: +LOS, swims, slowness 1, strong legs 1
a: Hop, Heroism, Finesse, Renounce Religion


You were on level 12 of the Dungeon.
You worshipped Okawaru.
Okawaru was extremely pleased with you.
You were not hungry.

You visited 1 branch of the dungeon, and saw 12 of its levels.
You also visited: Sewer.

You collected 547 gold pieces.
You spent 75 gold pieces at shops.

Inventory:

Hand Weapons
 a - a +2 hand crossbow
 i - a +0 shortbow (weapon)
 t - a +1 dagger of draining
 v - a +1 vorpal hunting sling
Missiles
 g - 182 arrows (quivered)
 k - 36 poisoned darts
 G - 12 bolts
Armour
 c - a +0 leather armour
 l - a +0 pair of boots (worn)
 n - a +0 troll leather armour (worn)
 C - the cursed +0 pair of gloves "Leobree" (worn) {Slay+3}
   (You found it on level 8 of the Dungeon)

   It affects your accuracy and damage with ranged weapons and melee attacks
   (+3).
   It has a curse placed upon it.
Jewellery
 b - a ring of magical power (left hand)
 j - an uncursed ring of protection from cold
 o - a ring of protection from fire (right hand)
Wands
 u - a wand of digging (5)
 w - a wand of clouds (6)
 D - a wand of iceblast (6)
 H - a wand of polymorph (8)
 I - a wand of flame (13)
Scrolls
 d - 6 scrolls of identify
 m - 6 scrolls of remove curse
 y - a scroll of enchant weapon
 B - a scroll of teleportation
 J - a scroll of immolation {unknown}
Potions
 e - 3 potions of brilliance
 p - 2 potions of flight
 s - 4 potions of stabbing
 z - a potion of heal wounds
 A - a potion of haste {unknown}
 E - 2 potions of degeneration {unknown}
 F - 2 potions of cancellation {unknown}
Comestibles
 f - 19 rations
 h - 4 chunks of flesh


   Skills:
 + Level 6.2(5.2) Fighting
 - Level 7.2(6.1) Short Blades
 - Level 10.5(9.3) Crossbows
 - Level 6.0(5.0) Armour
 + Level 6.6(5.5) Dodging
 - Level 0.8(0.0) Stealth
 - Level 7.3(6.3) Invocations
 + Level 4.0(3.0) Evocations


You had 10 spell levels left.
You didn't know any spells.
Your spell library was empty.

Dungeon Overview and Level Annotations

Branches:
Dungeon (11/15)            Temple (0/1) D:7            Lair (0/6) D:11
  Sewer (visited)
    Orc: D:9-12

Altars:
Ashenzari
Elyvilon
Hepliaklqana
Makhleb
Okawaru
Qazlal
Vehumet

Shops:
D:4 [   D:5 !   D:6 :

Annotations:
D:3 Purgy
D:12 Rupert


Innate Abilities, Weirdness & Mutations

You can be seen from farther away. (+LOS)
You can swim through water.
You cover ground slowly.
You can hop short distances.


Message History

The wolf howls!
A white imp comes into view.
The white imp shouts!
A worker ant comes into view.
The worker ant twitches its antennae in your direction.
A cyan ugly thing comes into view.
The cyan ugly thing gurgles horribly!
A deep elf mage comes into view. It is wielding a +0 rapier.
The deep elf mage shouts!
You hear a bark!
The centaur warrior simulacrum hits you.
The centaur warrior simulacrum freezes you!!
A hound comes into view.
The centaur warrior simulacrum barely misses you.
Rupert the Wild comes into view.
He is wielding a +0 executioner's axe of holy wrath.
The wolf bites you.
Found a scroll labeled KAYLORGH NUAL.
A centaur warrior simulacrum comes into view.
Unknown command.
Unknown command.
Are you sure you want to abandon this character and quit the game? (Confirm with "yes".)

.. .. .. #. #.
+e #.
#.##+##....
#Z@a.....h.
#.h........
+...........
#...
#.........@.
.9..
............
....
...u..8......
....
..............
#...
#####......?5..
....
#..........


You could see Rupert, a cyan ugly thing, a deep elf mage, a wolf, a hound, a
worker ant, a white imp and a centaur warrior simulacrum.

Vanquished Creatures
  A two-headed ogre (D:8)
  A queen bee (D:9)
  A troll (D:9)
  A hornet (D:8)
  A hippogriff (D:11)
  A spriggan (D:7)
  A basilisk (D:11)
  A hungry ghost (D:9)
  5 porcupines (D:11)
  3 black bears
  8 orc warriors
  3 ice beasts
  2 phantoms
  2 wolves (D:11)
  9 ogres
  4 crocodiles
  A centaur (D:7)
  4 big kobolds (D:9)
  2 bullfrogs
  A gnoll sergeant (D:9)
  3 scorpions
  18 killer bees
  4 wights (D:10)
  2 bullfrog zombies
  A centaur zombie (D:8)
  4 crimson imps
  3 quasits
  4 hounds
  4 jellies
  9 orc priests
  4 centaur skeletons
  2 bullfrog skeletons (D:6)
  16 orc wizards
  3 iguanas
  9 worker ants
  2 hound zombies
  A hound skeleton (D:10)
  A worker ant zombie (D:7)
  A howler monkey skeleton (D:5)
  5 gnolls
  6 adders
  2 river rats (D:4)
  4 shadow imps
  4 oozes
  An adder skeleton (D:6)
  4 worms (D:2)
  4 dart slugs
  4 leopard geckos
  50 orcs
  8 bats
  5 giant cockroaches
  5 goblins
  3 hobgoblins (D:2)
  9 jackals
  2 ball pythons
  2 frilled lizards
  A jackal zombie (D:5)
  4 kobolds
  A leopard gecko zombie (D:6)
  11 rats
278 creatures vanquished.

Vanquished Creatures (others)
  A plant (D:11)
1 creature vanquished.

Grand Total: 279 creatures vanquished

Notes
Turn   | Place    | Note
-------+----------+-------------------------------------------
     0 | D:1      | DogServant the Barachi Hunter began the quest for the Orb.
     0 | D:1      | Reached XP level 1. HP: 17/17 MP: 1/1
    65 | D:1      | Reached XP level 2. HP: 23/23 MP: 2/2
   501 | D:1      | Reached XP level 3. HP: 24/29 MP: 3/3
  1361 | D:2      | Reached XP level 4. HP: 36/37 MP: 4/4
  1861 | D:3      | Reached skill level 5 in Crossbows
  1863 | D:3      | Reached skill level 1 in Short Blades
  1863 | D:3      | Reached XP level 5. HP: 40/42 MP: 5/5
  2019 | D:3      | Found a burning altar of Makhleb.
  2019 | D:3      | Found a radiant altar of Vehumet.
  2499 | D:3      | Noticed Purgy
  2687 | D:4      | Reached XP level 6. HP: 36/48 MP: 6/6
  2912 | D:4      | Found a glowing drain.
  2916 | Sewer    | Entered a sewer
  3420 | D:4      | Noticed a phantom
  3432 | D:4      | Killed a phantom
  3445 | D:4      | Reached XP level 7. HP: 32/54 MP: 7/7
  3462 | D:4      | Reached skill level 6 in Crossbows
  3644 | D:4      | Found Zutrol's Antique Armour Shoppe.
  3709 | D:4      | HP: 2/54 [ooze (3)]
  4814 | D:5      | Entered Level 5 of the Dungeon
  5112 | D:5      | Found an iron altar of Okawaru.
  5127 | D:5      | Became a worshipper of Warmaster Okawaru
  5131 | D:5      | Reached skill level 5 in Dodging
  5183 | D:5      | Reached skill level 1 in Armour
  5187 | D:5      | Reached XP level 8. HP: 60/60 MP: 8/8
  5193 | D:5      | Found Pookli Fuon's Distillery.
  5283 | D:5      | Bought a potion of heal wounds for 75 gold pieces
  5443 | D:5      | Found a hazy altar of Hepliaklqana.
  5479 | D:5      | Reached skill level 1 in Invocations
  5832 | D:5      | Reached * piety under Okawaru
  5832 | D:5      | Reached skill level 5 in Short Blades
  6276 | D:5      | Reached skill level 7 in Crossbows
  7376 | D:6      | Reached ** piety under Okawaru
  7569 | D:6      | Reached XP level 9. HP: 43/65 MP: 11/11
  7960 | D:6      | Found Enioriy's Book Boutique.
  8908 | D:7      | Reached skill level 5 in Armour
  8939 | D:7      | Found a staircase to the Ecumenical Temple.
  8950 | D:7      | Reached skill level 8 in Crossbows
  9998 | D:8      | Reached *** piety under Okawaru
 10613 | D:8      | Noticed a two-headed ogre
 10636 | D:8      | Killed a two-headed ogre
 10636 | D:8      | Reached skill level 9 in Crossbows
 10636 | D:8      | Reached skill level 5 in Invocations
 10636 | D:8      | Reached XP level 10. HP: 42/71 MP: 14/14
 10803 | D:8      | Found a white marble altar of Elyvilon.
 10804 | D:8      | Found a stormy altar of Qazlal.
 11080 | D:8      | Reached **** piety under Okawaru
 11480 | D:8      | Found a shattered altar of Ashenzari.
 11483 | D:8      | Got a pair of warped gloves
 11501 | D:8      | Identified the cursed +0 pair of gloves "Leobree" {Slay+3}
                  | (You found it on level 8 of the Dungeon)
 11522 | D:9      | Got a brightly glowing diamond amulet
 11523 | D:9      | Identified the amulet of Kahus {Inacc +Fly rElec} (You
                  | found it on level 9 of the Dungeon)
 12399 | D:9      | Found a shattered altar of Ashenzari.
 12655 | D:9      | Reached skill level 10 in Crossbows
 13798 | D:9      | Reached skill level 1 in Evocations
 13823 | D:9      | Reached ***** piety under Okawaru
 13840 | D:9      | Reached XP level 11. HP: 40/78 MP: 16/16
 13844 | D:9      | Reached skill level 5 in Fighting
 13870 | D:10     | Entered Level 10 of the Dungeon
 13880 | D:10     | HP: 3/79 [poisoned by a killer bee]
 15273 | D:11     | Found a staircase to the Lair.
 15593 | D:11     | You fall into a shaft and drop 1 floor!
 15593 | D:12     | Noticed a cyclops
 15596 | D:12     | Noticed a cyan ugly thing
 15596 | D:12     | Noticed a deep elf mage
 15596 | D:12     | Noticed Rupert
 15597 | D:12     | Quit the game

Illustrated notes

Levels and vault maps discovered:
D:1:      erik_arrival_cave_to_civilisation [erik_arrival_cave_to_hall],
          layout_basic
D:2:      layout_loops_ring
D:3:      layout_basic, grunt_temple_overflow_lords_of_destruction,
          chequers_serial_rivers_micro_b, uniq_purgy
D:4:      layout_loops_ring, gup_sewer_entry_spiral, serial_shops,
          nicolae_shop_stone
D:5:      cheibrodos_iron_armory, layout_basic, overflow_temple_1_default,
          serial_shops, shop, first_ration, minivault_26,
          okawaru_metal_pillars_1_2
D:6:      layout_loops_ring, serial_shops, shop_statue
D:7:      kennysheep_spiral_hall, layout_rooms,
          minmay_temple_entry_purple_smoke, the_bakery
D:8:      layout_loops_ring, minitemple
D:9:      layout_roguey [special_room_bee],
          kennysheep_orc_monster_closet_entryway,
          eino_small_chamber_without_monster, evilmike_ruin_ashenzari
D:10:     layout_irregular_city
D:11:     layout_irregular_city, minmay_lair_entry_grove, serial_bayou_lake_a,
          uniq_nergalle, uniq_urug, uniq_josephine, uniq_snorg
D:12:     layout_irregular_city, serial_ice, serial_ice_k, serial_ice_m,
          serial_ice_o, serial_ice_d, serial_ice_a, serial_ice_c, serial_ice_n,
          serial_ice_e, portal_ice_cave_entry_pillars_1,
          minmay_misc_feat_rugged, uniq_frances, uniq_rupert

Skill      XL: |  1  2  3  4  5  6  7  8  9 10 11 |
---------------+----------------------------------+-----
Fighting       | 3 4 6 |  6.2
Crossbows      | 5 6 7 9 10 | 10.5
Short Blades   | 1 2 3 4 6 7 |  7.2
Dodging        | 3 4 5 6 |  6.6
Armour         | 1 4 6 |  6.0
Invocations    | 2 5 7 |  7.3
Evocations     | 1 4 |  4.0
Stealth        | |  0.8

Action                   |  1- 3 |  4- 6 |  7- 9 | 10-12 || total
-------------------------+-------+-------+-------+-------++-------
Melee: Short sword       |    37 |       |       |       ||    37
       Dagger            |    41 |   183 |   297 |   189 ||   710
       Hand crossbow     |       |       |       |     1 ||     1
       Punch             |       |       |       |     1 ||     1
 Fire: Hand crossbow     |    27 |    52 |   261 |   210 ||   550
       Shortbow          |       |       |       |    85 ||    85
Throw: Dart              |     1 |    11 |    60 |    58 ||   130
Invok: Heroism           |       |       |     2 |     7 ||     9
       Finesse           |       |       |       |     2 ||     2
 Abil: Hop               |       |       |     7 |     5 ||    12
Evoke: Wand              |       |       |       |    18 ||    18
  Use: Scroll            |       |     9 |     4 |     2 ||    15
       Potion            |       |     1 |     4 |     5 ||    10
 Stab: Sleeping          |     1 |       |       |     1 ||     2
       Paralysed         |       |       |       |     4 ||     4
       Invisible         |       |       |       |     2 ||     2
       Petrified         |       |       |       |     2 ||     2
  Eat: Chunk             |     2 |     6 |    11 |    12 ||    31
       Ration            |       |       |     4 |     2 ||     6
Armor: Leather armour    |    21 |    55 |    67 |    58 ||   201
       Skin              |       |    10 |       |   107 ||   117
       Troll leather arm |       |       |       |    26 ||    26
Dodge: Dodged            |    57 |   132 |   257 |   282 ||   728
